 Dungeon Crawl Stone Soup version 0.17-a0-737-gf0a300a (webtiles) character file.

24 MackTheKnife the Skirmisher (level 2, 0/14 HPs)
             Began as a Felid Wanderer on May 7, 2015.
             Was an Initiate of Sif Muna.
             Slain by a worm (7 damage)
             ... on level 2 of the Dungeon.
             The game lasted 00:02:25 (2092 turns).

MackTheKnife the Skirmisher (Felid Wanderer)        Turns: 2092, Time: 00:02:25

Health: 0/14       AC:  1    Str:  9    XL:     2   Next: 79%
Magic:  0/7        EV: 15    Int: 12    God:    Sif Muna [......]
Gold:   70         SH:  0    Dex: 15    Spells: 1 memorised, 6 levels left
                                        Lives:  0   Deaths: 0

rFire  . . .     SeeInvis +     (weapon unavailable)
rCold  . . .     Clarity  .     (armour unavailable)
rNeg   . . .     SustAb   .     (shield unavailable)
rPois  .         Gourm    .     (helmet unavailable)
rElec  .         Spirit   .     (cloak unavailable)
rCorr  .         Warding  .     (gloves unavailable)
rMut   .         Stasis   .     (boots unavailable)
MR     .....                    (no amulet)
Stlth  ++........               (no ring)
                                g - ring of loudness (curse) {Stlth-}

@: quick, not resistant to hostile enchantments, unstealthy
A: no armour, no weapons or thrown items, claws 1, fangs 3, see invisible,
carnivore 3, speed 1, shaggy fur 1, slow metabolism 1, sharp paws
a: Renounce Religion


You were on level 2 of the Dungeon.
You worshipped Sif Muna.
Sif Muna was noncommittal.
You were not hungry.

You visited 1 branch of the dungeon, and saw 2 of its levels.

You collected 70 gold pieces.

Inventory:

Jewellery
 g - a cursed ring of loudness (left paw) {Stlth-}
   (You found it on level 2 of the Dungeon)
Potions
 d - a potion of ambrosia {unknown}
 e - a potion of heal wounds {unknown}
Books
 a - Ubbatya's Catalogue of Slavery

   Spells                             Type                      Level
   a - Summon Butterflies             Summoning                    1
   b - Summon Guardian Golem          Hexes/Summoning              3
 b - Kikubaaqudgha's Handbook of Unholy Secrets

   Spells                             Type                      Level
   a - Pain                           Necromancy                   1
   b - Vampiric Draining              Necromancy                   3
Comestibles
 c - a meat ration {@e2}


   Skills:
 - Level 3.0 Fighting
 - Level 2.6 Stealth
 - Level 3.0 Spellcasting
   Level 1.2 Charms
 + Level 2.8 Necromancy


You had 6 spell levels left.
You knew the following spells:

 Your Spells              Type           Power        Failure   Level  Hunger
a - Pain                  Necr           #...         10%         1    #......


Dungeon Overview and Level Annotations

Branches:
Dungeon (2/15)

Altars:
Sif Muna


Innate Abilities, Weirdness & Mutations

You cannot wear armour.
You are incapable of wielding weapons or throwing items.
You have sharp claws.
You have razor-sharp teeth.
You have supernaturally acute eyesight.
You are carnivorous and can eat meat at any time.
You cover ground quickly.
You are covered in fur (AC +1).
You have a slow metabolism.
Your sharp claws are effective at attacking unaware monsters.


Message History

There is a stone staircase leading down here.
You climb downwards.
Found 24 stones and a scroll labeled ASHOIH AMUNE.
Found a stone staircase leading down.
There is a stone staircase leading up here.
A kobold comes into view. It is wielding a dagger.
You see here a scroll labeled ASHOIH AMUNE.
f - a scroll labeled ASHOIH AMUNE A kobold comes into view.
The kobold shouts! x2
You scratch the kobold but do no damage.
The kobold hits you with a dagger.
A giant newt comes into view.
You take 3 damage, and have 11/14 hp.
MASSIVE DAMAGE!!
You scratch the kobold but do no damage.
You bite the kobold.
You kill the kobold!
Found an escape hatch in the floor.
You miss the kobold. The kobold closely misses you.
You closely miss the kobold. The kobold hits you.
You take 1 damage, and have 10/14 hp.
You scratch the kobold.
The kobold begins to bleed from its wounds!
You bite the kobold, but do no damage. The kobold closely misses you.
You scratch the kobold.
You kill the kobold!
You miss the giant newt. You bite the giant newt.
You kill the giant newt!
No target in view!
You start resting.
Health restored: 14
Things that are here:
a giant newt corpse; a kobold corpse
Things that are here:
a dagger; a stone; a kobold corpse A worm comes into view.
g - a tubular pearl ring Put on which piece of jewellery? (? for menu, Esc to quit)
Oops, that ring feels deathly cold.
g - a cursed ring of loudness (left paw) Read which item? (? for menu, Esc to quit)
As you read the scroll labeled ASHOIH AMUNE, it crumbles to dust.
You hear a loud clanging noise!
It was a scroll of noise.
You hear a shout!
f - a scroll labeled EMONYAREE You open the door.
Found a deep blue altar of Sif Muna.
Read which item? (? for menu, Esc to quit)
As you read the scroll labeled EMONYAREE, it crumbles to dust.
The air around you briefly surges with heat, but it dissipates.
It was a scroll of immolation.
There is an open door here.
There is a deep blue altar of Sif Muna here.
You can't go down here!
You sit before the altar of Sif Muna.
Sif Muna welcomes you!
Unknown command.
There is an open door here.
You now have 58 gold pieces (gained 14).
A goblin comes into view. It is wielding a dagger.
The goblin shouts!
A goblin is nearby!
A goblin is nearby!
A rat comes into view.
You scratch the goblin.
You kill the goblin!
You closely miss the rat. The rat closely misses you.
You scratch the rat.
You kill the rat!
No target in view!
No target in view!
You now have 70 gold pieces (gained 12).
Things that are here:
a dagger; a goblin corpse
Found a stone staircase leading down.
You don't know that spell.
Aim: a worm (chance 66%)
The worm convulses in agony!
You take 1 damage, and have 13/14 hp.
You now have 6/7 mp.
Aim: a worm (lightly wounded, chance 66%)
The worm convulses in agony!
You take 1 damage, and have 12/14 hp.
You now have 5/7 mp.
Aim: a worm (moderately wounded, chance 66%)
The worm convulses in agony!
You take 1 damage, and have 11/14 hp.
You now have 4/7 mp.
Aim: a worm (heavily wounded, chance 66%)
The worm struggles to resist.
The worm closely misses you.
You take 1 damage, and have 10/14 hp.
You now have 3/7 mp.
Aim: a worm (heavily wounded, chance 66%)
The worm convulses in agony!
The worm barely misses you.
You take 1 damage, and have 9/14 hp.
You now have 2/7 mp.
Aim: a worm (severely wounded, chance 66%)
The worm struggles to resist.
You take 1 damage, and have 8/14 hp.
You now have 1/7 mp.
Aim: a worm (severely wounded, chance 66%)
The worm convulses in agony!
The worm bites you!
Ouch! That really hurt!
You die...

........ . . ..>.. ... ..
... ...... .... .. . .
#+#..........##.###.#
.##.#.....#....#......
.##.#.....#..#......#
.##.#.....#..#......#
.##.#.....#..#...w..#.#.#
.##.#...[.#..#..@........
.##.#.....#..##...##..#.#
......................$.
..................##..#
.####.#####..###..# .#
.####.#####..# ##.# #
.)...........# ..#
.............. .>..
...##.######..# #.#


You could see a worm.

Vanquished Creatures
  A giant gecko (D:1)
  2 bats (D:1)
  3 giant cockroaches (D:1)
  2 goblins
  3 hobgoblins (D:1)
  A ball python (D:1)
  3 giant newts
  2 kobolds (D:2)
  5 rats
22 creatures vanquished.

Notes
Turn   | Place    | Note
--------------------------------------------------------------
     0 | D:1      | MackTheKnife, the Felid Wanderer, began the quest for the Orb.
     0 | D:1      | MackTheKnife set off with: Ubbatya's Catalogue of Slavery, Kikubaaqudgha's Handbook of Unholy Secrets, a meat ration {@e2}
     0 | D:1      | Reached XP level 1. HP: 10/10 MP: 5/5
     0 | D:1      | Identified Ubbatya's Catalogue of Slavery
     0 | D:1      | Identified Kikubaaqudgha's Handbook of Unholy Secrets
     2 | D:1      | Learned a level 1 spell: Pain
   356 | D:1      | Reached skill level 2 in Necromancy
   387 | D:1      | Reached XP level 2. HP: 7/14 MP: 7/7
  1263 | D:1      | HP: 2/14 [giant cockroach (1)]
  2020 | D:2      | Found a deep blue altar of Sif Muna.
  2024 | D:2      | Became a worshipper of Sif Muna the Loreminder
  2092 | D:2      | Slain by a worm

Action                   || total
-------------------------++-------
Melee: Unarmed           ||    81
 Cast: Pain              ||    10
  Use: Scroll            ||     2
 Stab: Sleeping          ||     1
  Eat: Chunk             ||     5

Vault maps used:
D:1:      dpeg_arrival_chambers_temple_mockup
D:2:      lemuel_blue_sif_altar

Table legend:
 A = Turns spent in this place as a percentage of turns spent in the entire game.
 B = Non-inter-level travel turns spent in this place as a percentage of non-inter-level travel turns spent in the entire game.
 C = Inter-level travel turns spent in this place as a percentage of turns spent in this place.
 D = Turns resting spent in this place as a percentage of non-inter-level travel turns spent in this place.
 E = Turns spent auto-exploring this place as a percentage of non-inter-level travel turns spent in this place.
 F = Non-inter-level travel turns spent in this place divided by the number of levels of this place that you've seen.
                   A       B       C       D       E      F
               +-------+-------+-------+-------+-------+----------------------
         Total | 100.0 | 100.0 |   0.3 |   4.3 |   5.6 | 196.0
       Dungeon | 100.0 | 100.0 |   0.3 |   4.3 |   5.6 | 196.0
               +-------+-------+-------+-------+-------+----------------------

Table legend:
 A = Kills in this place as a percentage of kills in entire the game.
 B = Kills by you in this place as a percentage of kills by you in the entire game.
 C = Kills by friends in this place as a percentage of kills by friends in the entire game.
 D = Other kills in this place as a percentage of other kills in the entire game.
 E = Experience gained in this place as a percentage of experience gained in the entire game.
 F = Experience gained in this place divided by the number of levels of this place that you have seen.
                   A       B       C       D       E      F
               +-------+-------+-------+-------+-------+----------------------
         Total | 100.0 | 100.0 |  -nan |  -nan | 100.0 |  17.5
       Dungeon | 100.0 | 100.0 |  -nan |  -nan | 100.0 |  17.5
               +-------+-------+-------+-------+-------+----------------------
